 Seeded DCSS version 0.29-a0-378-gc08b2e8bf8 (webtiles) character file.

Game seed: 18446744073709551615 (custom seed)

25 joe1234567 the Chopper (level 2, -4/27 HPs)
             Began as a Minotaur Berserker on May 5, 2022.
             Was a Follower of Trog.
             Slain by Natasha (7 damage)
             ... on level 2 of the Dungeon.
             The game lasted 00:07:00 (1576 turns).

joe1234567 the Chopper (Minotaur Berserker)         Turns: 1576, Time: 00:07:01

Health: -4/27      AC:  9    Str: 21    XL:     2   Next: 86%
Magic:  1/1        EV:  8    Int:  4    God:    Trog [*.....]
Gold:   36         SH:  0    Dex:  9    Spells: 1/1 levels left

rFire   x . .      SeeInvis .   a - +0 hand axe
rCold   + . .      Faith    .   (no shield)
rNeg    . . .      Spirit   .   c - +0 chain mail
rPois   .          Reflect  .   (helmet restricted)
rElec   .          Harm     .   (no cloak)
rCorr   .          Rampage  .   (no gloves)
Will    .....                   (no boots)
Stlth   ..........              (no amulet)
HPRegen 0.09/turn               j - ring of ice
MPRegen 0.07/turn               (no ring)

@: no status effects
A: horns 2, retaliatory headbutt
a: Renounce Religion, Berserk


You were on level 2 of the Dungeon.
You worshipped Trog.
Trog was aware of your devotion.
You visited 1 branch of the dungeon, and saw 2 of its levels.

You collected 36 gold pieces.

Inventory:

Hand Weapons
 a - a +0 hand axe (weapon)
Missiles
 d - 2 datura-tipped darts (quivered)
Armour
 b - a +0 animal skin
 c - a +0 chain mail (worn)
 h - a +1 helmet
Jewellery
 j - a ring of ice (left hand)
Scrolls
 f - 4 scrolls of identify {unknown}
 k - 3 scrolls of fear {unknown}
Potions
 e - a potion of curing {unknown}
 g - a potion of lignification {unknown}
 i - 2 potions of brilliance {unknown}


   Skills:
 + Level 4.2 Fighting
 + Level 4.2 Axes
 + Level 2.7 Armour
 + Level 2.3 Dodging


You had one spell level left.
You didn't know any spells.
Your spell library contained the following spells:

 Spells                   Type           Power      Damage    Failure   Level
 Portal Projectile        Hex/Tloc       0%         N/A       100%        3
 Blade Hands              Tmut           0%         N/A       100%        5
 Excruciating Wounds      Necr           0%         N/A       100%        5


Dungeon Overview and Level Annotations

Branches:
Dungeon (2/15)

Altars:

Annotations:
D:2 Natasha


Innate Abilities, Weirdness & Mutations

You have a pair of horns on your head.
You reflexively headbutt those who attack you in melee.


Message History

You furiously retaliate!
You headbutt the jackal, but do no damage.
Natasha, Servant of Life and Death comes into view.
She is carrying a wand of polymorph (10).
You throw a datura-tipped dart.
The datura-tipped dart misses the jackal.
The datura-tipped dart barely misses the kobold.
The datura-tipped dart barely misses the worm.
The jackal barely misses you. The jackal bites you.
The kobold hits you with a +0 whip.
You are too injured to fight recklessly!
You are too injured to fight recklessly!
You are too injured to fight recklessly!
You are too injured to fight recklessly!
You are too injured to fight recklessly!
You are too injured to fight recklessly!
You are too injured to fight recklessly!
You are too injured to fight recklessly!
You are too injured to fight recklessly!
You are too injured to fight recklessly!
You are too injured to fight recklessly!
You are too injured to fight recklessly!
You are too injured to fight recklessly!
You hit the kobold but do no damage. You hit the jackal. The jackal bites you.
The kobold hits you with a +0 whip.
* * * LOW HITPOINT WARNING * * *
You completely miss the kobold. Your headbutt misses the kobold.
You hit the jackal.
You kill the jackal!
Trog accepts your kill. The bat hits you but does no damage.
The kobold hits you with a +0 whip.
* * * LOW HITPOINT WARNING * * *
You hit the kobold.
You kill the kobold!
Trog accepts your kill.
You barely miss the bat. The bat hits you.
* * * LOW HITPOINT WARNING * * *
The bat hits you but does no damage.
You closely miss the bat. You closely miss Natasha.
The bat hits you but does no damage. Natasha claws you!
You die...

.# #. h. w. ## .#( ##
#.......#### ## #.#.#.#
#.## .# ..... #..## .##
.#####.#####..K####....#
.)...'...(...wKb@h.....#
..####........h####....#
.## ##.......## #.# ##
##.....## # ##...## #
....## # #.##... # #.
$.##


You could see a worm, Natasha, a jackal, a bat and 2 kobolds.

Vanquished Creatures
  A dart slug (D:1)
  2 endoplasms (D:1)
  4 giant cockroaches
  2 goblins (D:1)
  3 hobgoblins (D:1)
  A jackal (D:2)
  A quokka (D:1)
  2 ball pythons (D:1)
  A bat (D:1)
  A kobold (D:2)
  2 rats (D:1)
20 creatures vanquished.

Notes
Turn   | Place    | Note
-------+----------+-------------------------------------------
     0 | D:1      | joe1234567 the Minotaur Berserker began the quest for the
                  | Orb.
     0 | D:1      | Reached XP level 1. HP: 19/19 MP: 0/0
   366 | D:1      | Reached XP level 2. HP: 19/27 MP: 1/1
   585 | D:1      | Found a faded altar of an unknown god.
  1571 | D:2      | Noticed Natasha
  1576 | D:2      | Slain by Natasha

Illustrated notes

Levels and vault maps discovered:
D:1:      dpeg_arrival_snail, layout_basic, ebering_ecumenical_altar_webs,
          minmay_distorted
D:2:      minmay_spotlight, layout_loops_corners, minmay_pentomino_u2,
          uniq_natasha, uniq_crazy_yiuf_cottage

Skill      XL: |  1  2 |
---------------+-------+-----
Axes           | 4 |  4.2
Fighting       | 4 |  4.2
Armour         | |  2.7
Dodging        | |  2.3

Action                   || total
-------------------------++-------
Melee: Hand axe          ||    47
       Headbutt          ||     7
Throw: Dart              ||     1
Armor: Chain mail        ||    38
Dodge: Dodged            ||    28

Table legend: (Time is in decaauts)
 A = Elapsed time spent in this place.
 B = Non-inter-level travel time spent in this place.
 C = Inter-level travel time spent in this place.
 D = Time resting spent in this place.
 E = Time spent auto-exploring this place.
 F = Levels seen in this place.
 G = Mean time per level.
                   A        B        C        D        E       F      G
               +--------+--------+--------+--------+--------+-----+--------+
         Total |   1579 |   1579 |      0 |      0 |      0 |   2 |  789.5 |
       Dungeon |   1579 |   1579 |      0 |      0 |      0 |   2 |  789.5 |
               +--------+--------+--------+--------+--------+-----+--------+

Top non-repeatable levels by time:
     D:1: 1277 daAuts
     D:2: 302 daAuts
